 Dungeon Sprint DCSS version 0.21.0-3-g78d12a8 (webtiles) character file.

19646 wojtek the Executioner (level 12, -17/126 (127) HPs)
             Began as a Minotaur Berserker on Jan 12, 2018.
             Was a High Priest of Trog.
             Killed from afar by a Hell Sentinel (41 damage)
             ... with damnation
             ... in the Dungeon (Sprint VII: "The Pits").
             The game lasted 00:11:07 (2895 turns).

wojtek the Executioner (Minotaur Berserker)         Turns: 2895, Time: 00:11:09

HP:   -17/126 (127) AC: 28    Str: 28    XL:     12   Next: 38%
MP:   11/11         EV: 13    Int:  4    God:    Trog [*****.]
Gold: 25            SH:  0    Dex: 12    Spells: 11/11 levels left

rFire    . . .     SeeInvis +   a - +9 executioner's axe of Gravity {flame, SInv Stlth+}
rCold    + . .     Gourm    .   (shield currently unavailable)
rNeg     . . .     Faith    .   Q - +4 plate armour {rC+}
rPois    +         Spirit   .   z - +2 hat {MR+}
rElec    .         Reflect  .   u - +0 cloak
rCorr    .         Harm     .   q - +0 pair of gloves
MR       +....     NoTele   +   p - +0 pair of boots
Stlth    ..........             (no amulet)
HPRegen  0.31/turn              m - +3 ring of dexterity
MPRegen  0.12/turn              F - ring of poison resistance

@: no status effects
A: retaliatory headbutt, horns 2
a: Berserk, Trog's Hand, Brothers in Arms, Burn Spellbooks, Renounce Religion


You were in the Dungeon.
You worshipped Trog.
Trog was extremely pleased with you.
You were near starving.

You visited 1 branch You collected 25 gold pieces.

Inventory:

Hand Weapons
 a - the +9 executioner's axe of Gravity (weapon) {flame, SInv Stlth+}
   (Trog gifted it to you in the Dungeon)

   It has been specially enchanted to burn those struck by it, causing extra
   injury to most foes and up to half again as much damage against particularly
   susceptible opponents.
   Big, fiery blades are also staple armaments of hydra-hunters.
   It lets you see invisible.
   It makes you more stealthy.
 b - a +2 war axe of chopping
 v - the +4 battleaxe of Action {chop, +Inv rN+++ Str+4 Dex-2}
   (Trog gifted it to you in the Dungeon)

   It inflicts extra damage upon your enemies.
   It affects your strength (+4).
   It affects your dexterity (-2).
   It renders you almost immune to negative energy.
   It lets you turn invisible.
 x - a +7 antimagic battleaxe
 y - a +7 battleaxe of chopping
 A - a +3 battleaxe of flaming
 K - a +2 battleaxe of freezing
 L - a +1 antimagic broad axe
 M - a +1 antimagic battleaxe
 O - a +1 antimagic battleaxe
Armour
 p - a +0 pair of boots (worn)
 q - a +0 pair of gloves (worn)
 u - a +0 cloak (worn)
 w - +0 swamp dragon scales
 z - a +2 hat of magic resistance (worn)
 Q - a +4 plate armour of cold resistance (worn)
Jewellery
 m - a +3 ring of dexterity (left hand)
 n - an uncursed ring of flight
 F - a ring of poison resistance (right hand)
 H - an uncursed ring of protection from magic
 N - a +4 ring of intelligence
Scrolls
 i - a scroll of blinking
 k - 4 scrolls of remove curse
 l - a scroll of summoning
 t - 6 scrolls of enchant weapon
 B - a scroll of identify
 C - 3 scrolls of fear
 D - 2 scrolls of enchant armour
 G - a scroll of magic mapping
Potions
 d - 8 potions of curing
 e - 16 potions of heal wounds
 f - 2 potions of haste
 g - 4 potions of magic
 h - 6 potions of berserk rage
 j - 2 potions of invisibility
 o - a potion of lignification
 r - 2 potions of brilliance
 s - a potion of might
 E - a potion of agility
 I - a potion of ambrosia
Books
 P - a book of the Earth

   Spells                             Type                      Level
   a - Leda's Liquefaction            Hexes/Earth                  4
   b - Bolt of Magma                  Conjuration/Fire/Earth       5
   c - Statue Form                    Transmutation/Earth          6
   d - Iron Shot                      Conjuration/Earth            6
   e - Shatter                        Earth                        9
   Trog disapproves of the use of such an item.
Comestibles
 c - 16 rations


   Skills:
 + Level 17.9 Fighting
 + Level 24.2 Axes
 + Level 16.1 Armour
 + Level 9.5 Dodging
 + Level 4.2 Stealth


You had 11 spell levels left.
You didn't know any spells.

Dungeon Overview and Level Annotations

Branches:
Dungeon (1/1)

Altars:
Ashenzari
Cheibriados
Dithmenos
Elyvilon
Fedhas
Gozag
Hepliaklqana
Kikubaaqudgha
Makhleb
Nemelex Xobeh
Okawaru
Qazlal
Ru
Sif Muna
Trog
Uskayaw
Vehumet
Wu Jian
Xom
Yredelemnul
Zin
The Shining One
Beogh
Jiyva
Lugonu


Innate Abilities, Weirdness & Mutations

You reflexively headbutt those who attack you in melee.
You have a pair of horns on your head.


Message History

Trog accepts your kill.
Your deep troll rages.
The blizzard demon gestures at you. The bolt of lightning hits you!
* * * LOW HITPOINT WARNING * * *
Your ogre barely misses the spriggan berserker.
Your troll barely misses the spriggan berserker.
Your troll misses the spriggan berserker.
Your troll claws the spriggan berserker.
Your deep troll bites the spriggan berserker!
Your deep troll closely misses the spriggan berserker.
Your deep troll barely misses the spriggan berserker.
The spriggan berserker invokes Trog's protection!
Your ogre completely misses the spriggan berserker.
Your troll misses the spriggan berserker.
Your troll claws the spriggan berserker!
Your troll barely misses the spriggan berserker.
The Hell Sentinel gestures at you.
The sphere of damnation explodes!
The damnation engulfs you!
You die...

+..#....#..# '#''
+..........# ....
#..........# .....
#..#....#..#####..#..
+..........##..'.....
+..........##OiH.2.M.
#..#....#..##TT#4'#q
#..........'').1..#
#..........'@.....#
###''####''########
###''####''##################
#......##....................
#.#+##.##....................
#.#.[+.##..##############++##
#.+).#.##..# #.#)[).##..#
#####.)))#.##..#


You could see a Hell Sentinel, a sphinx, a blizzard demon, a mummy priest, a
spriggan berserker, an ice devil, a friendly deep troll (berserk), a friendly
troll (berserk) and a friendly ogre (berserk).

Vanquished Creatures
  A golden dragon (D)
  An azure jelly (D)
  A dire elephant (D)
  A merfolk javelineer (D)
  A cherub (D)
  A swamp dragon (D)
  An orc knight (D)
  An elephant (D)
  Maurice (D)
  A kobold demonologist (D)
  A hellwing (D)
  3 demonic crawlers (D)
  4 merfolk (D)
  A polar bear (D)
  2 hornets (D)
  4 blink frogs (D)
  5 slime creatures (D)
  A hippogriff (D)
  A shadow (D)
  An air elemental (D)
  A hungry ghost (D)
  A fire bat (D)
  A basilisk (D)
  4 vampire mosquitoes (D)
  An acid dragon (D)
  2 wargs (D)
  An orc warrior (D)
  A black bear (D)
  A sky beast (D)
  2 eyes of draining (D)
  An ogre (D)
  An earth elemental (D)
  A gnoll sergeant (D)
  A scorpion (D)
  5 killer bees (D)
  3 orc priests (D)
  A quasit (D)
  An iron imp (D)
  2 gnoll shamans (D)
  2 orc wizards (D)
  A worker ant (D)
  8 gnolls (D)
  A river rat (D)
  An ufetubus (D)
  An ooze (D)
  3 leopard geckos (D)
  9 orcs (D)
  A giant cockroach (D)
  2 goblins (D)
  A quokka (D)
  A bat (D)
  A jackal simulacrum (D)
  A rat (D)
97 creatures vanquished.

Vanquished Creatures (collateral kills)
  Gastronok (D)
  An iron dragon (D)
  An orc high priest (D)
  A soul eater (D)
  A death drake (D)
  A swamp dragon (D)
  A lindwurm (D)
  An orc knight (D)
  Psyche (D)
  An orange demon (D)
  An ice devil (D)
  A hellwing (D)
  A polar bear (D)
  A hornet (D)
  A bog body (D)
  4 yaks (D)
  2 spriggans (D)
  A vampire (D)
  A steam dragon (D)
  2 wargs (D)
  A water moccasin (D)
  An orc warrior (D)
  A necrophage (D)
  A centaur (D)
  An orc wizard (D)
  An iron imp (D)
  2 orc priests (D)
  3 gnolls (D)
  3 orcs (D)
39 creatures vanquished.

Vanquished Creatures (others)
  A gnoll (D)
1 creature vanquished.

Grand Total: 137 creatures vanquished

Notes
Turn   | Place    | Note
-------+----------+-------------------------------------------
     0 | D        | wojtek the Minotaur Berserker began the quest for the Orb.
     0 | D        | Reached XP level 1. HP: 19/19 MP: 0/0
    26 | D        | Reached skill level 4 in Axes
    70 | D        | Reached ** piety under Trog
    80 | D        | Reached XP level 2. HP: 26/28 MP: 1/1
   109 | D        | Noticed a scorpion
   114 | D        | Reached *** piety under Trog
   114 | D        | Reached skill level 5 in Fighting
   114 | D        | Reached skill level 5 in Axes
   117 | D        | Reached skill level 6 in Axes
   117 | D        | Reached XP level 3. HP: 24/37 MP: 2/2
   117 | D        | Killed a scorpion
   117 | D        | Reached skill level 7 in Axes
   117 | D        | Reached XP level 4. HP: 30/47 MP: 3/3
   323 | D        | Noticed a fire bat
   323 | D        | Noticed a sky beast
   326 | D        | Reached **** piety under Trog
   336 | D        | Killed a fire bat
   336 | D        | Reached skill level 9 in Axes
   336 | D        | Reached skill level 5 in Armour
   336 | D        | Reached skill level 5 in Dodging
   336 | D        | Reached XP level 5. HP: 31/57 MP: 4/4
   344 | D        | Killed a sky beast
   344 | D        | Reached skill level 10 in Fighting
   344 | D        | Reached skill level 10 in Axes
   344 | D        | Reached XP level 6. HP: 43/66 MP: 5/5
   346 | D        | Reached ***** piety under Trog
   517 | D        | Noticed a demonic crawler
   532 | D        | Killed a demonic crawler
   532 | D        | Reached skill level 12 in Axes
   532 | D        | Reached XP level 7. HP: 47/74 MP: 6/6
   786 | D        | Noticed Psyche
   786 | D        | Noticed a spriggan
   790 | D        | Killed Psyche
   790 | D        | Received a gift from Trog
   793 | D        | Killed a spriggan
   793 | D        | Reached skill level 13 in Axes
   895 | D        | Found a bloodstained altar of Trog.
   895 | D        | Found a deep blue altar of Sif Muna.
   895 | D        | Found a viscous altar of Jiyva.
   895 | D        | Found a hazy altar of Hepliaklqana.
   895 | D        | Found an opulent altar of Gozag.
   896 | D        | Found a glowing golden altar of the Shining One.
   896 | D        | Found a glowing silver altar of Zin.
   896 | D        | Found a basalt altar of Yredelemnul.
   896 | D        | Found a shimmering altar of Xom.
   896 | D        | Found an ornate altar of the Wu Jian Council.
   896 | D        | Found a sacrificial altar of Ru.
   896 | D        | Found a stormy altar of Qazlal.
   896 | D        | Found an iron altar of Okawaru.
   896 | D        | Found a sparkling altar of Nemelex Xobeh.
   896 | D        | Found a burning altar of Makhleb.
   896 | D        | Found a blossoming altar of Fedhas.
   896 | D        | Found a white marble altar of Elyvilon.
   896 | D        | Found a shadowy altar of Dithmenos.
   896 | D        | Found a snail-covered altar of Cheibriados.
   898 | D        | Found a radiant altar of Vehumet.
   898 | D        | Found a corrupted altar of Lugonu.
   898 | D        | Found a roughly hewn altar of Beogh.
   899 | D        | Found a hide-covered altar of Uskayaw.
   899 | D        | Found an ancient bone altar of Kikubaaqudgha.
   899 | D        | Found a shattered altar of Ashenzari.
   920 | D        | Noticed an orc high priest
   920 | D        | Noticed a lindwurm
   926 | D        | Reached XP level 8. HP: 83/83 MP: 7/7
   934 | D        | Killed an orc high priest
   934 | D        | Reached skill level 1 in Stealth
   936 | D        | Reached skill level 14 in Axes
   938 | D        | Killed a lindwurm
   940 | D        | Received a gift from Trog
   951 | D        | Got a crystal executioner's axe {god gift}
   964 | D        | Identified the +9 executioner's axe of Gravity {flame, SInv Stlth+} (Trog gifted it to you in the Dungeon)
   968 | D        | Noticed Maurice
   970 | D        | Noticed a hellwing
   970 | D        | Noticed a hornet
   977 | D        | Killed Maurice
   977 | D        | Reached skill level 15 in Axes
   977 | D        | Reached skill level 10 in Armour
   977 | D        | Reached XP level 9. HP: 93/93 MP: 8/8
   988 | D        | Killed a hellwing
   988 | D        | Received a gift from Trog
  1193 | D        | Noticed a polar bear
  1193 | D        | Noticed a kobold demonologist
  1194 | D        | Noticed a smoke demon
  1195 | D        | Noticed a hellwing
  1195 | D        | Killed a polar bear
  1195 | D        | Reached skill level 16 in Axes
  1205 | D        | Killed a kobold demonologist
  1448 | D        | Received a gift from Trog
  1473 | D        | Received a gift from Trog
  1474 | D        | Reached skill level 17 in Axes
  1474 | D        | Reached ****** piety under Trog
  1474 | D        | Reached XP level 10. HP: 97/104 MP: 9/9
  1476 | D        | Noticed an elephant
  1482 | D        | Killed an elephant
  1499 | D        | Got a warped battleaxe {god gift}
  1503 | D        | Noticed a spriggan rider
  1503 | D        | Noticed a swamp dragon
  1504 | D        | Noticed an orc knight
  1505 | D        | Killed an orc knight
  1505 | D        | Received a gift from Trog
  1507 | D        | Reached skill level 18 in Axes
  1510 | D        | Received a gift from Trog
  1514 | D        | Killed a swamp dragon
  1514 | D        | Reached skill level 15 in Fighting
  1671 | D        | Noticed an orc knight
  1671 | D        | Noticed a swamp dragon
  1673 | D        | Noticed an orange demon
  1677 | D        | Noticed Gastronok
  1679 | D        | Killed an orc knight
  1679 | D        | Reached skill level 19 in Axes
  1685 | D        | Received a gift from Trog
  1687 | D        | Killed a swamp dragon
  1689 | D        | Reached skill level 20 in Axes
  1691 | D        | Killed an orange demon
  1695 | D        | Received a gift from Trog
  1697 | D        | Killed Gastronok
  1697 | D        | Reached XP level 11. HP: 66/114 MP: 10/10
  1928 | D        | Identified the +4 battleaxe of Action {chop, +Inv rN+++ Str+4 Dex-2} (Trog gifted it to you in the Dungeon)
  2112 | D        | Received a gift from Trog
  2186 | D        | Received a gift from Trog
  2186 | D        | Reached skill level 21 in Axes
  2255 | D        | Received a gift from Trog
  2305 | D        | Received a gift from Trog
  2394 | D        | Reached skill level 22 in Axes
  2538 | D        | Noticed a cherub
  2538 | D        | Noticed a golden dragon
  2539 | D        | Found the cursed -5 robe of Misfortune {-Cast *Contam *Tele *Drain EV-5 Stlth-- *Curse}
  2539 | D        | Noticed a merfolk javelineer
  2541 | D        | Killed a golden dragon
  2541 | D        | Reached skill level 15 in Armour
  2548 | D        | Killed a merfolk javelineer
  2548 | D        | Reached skill level 23 in Axes
  2555 | D        | Killed a cherub
  2555 | D        | Received a gift from Trog
  2555 | D        | Reached XP level 12. HP: 53/125 MP: 11/11
  2877 | D        | Noticed a dire elephant
  2878 | D        | Noticed an azure jelly
  2879 | D        | Noticed an iron dragon
  2883 | D        | Killed a dire elephant
  2884 | D        | Killed an azure jelly
  2884 | D        | Reached skill level 24 in Axes
  2888 | D        | Noticed a mummy priest
  2890 | D        | Noticed a red draconian monk
  2891 | D        | Noticed a Hell Sentinel
  2891 | D        | Killed an iron dragon
  2891 | D        | Received a gift from Trog
  2892 | D        | Found the +14 obsidian axe {chop, +Fly SInv *Curse}
  2892 | D        | Noticed a blizzard demon
  2893 | D        | Noticed a sphinx
  2895 | D        | Killed from afar by a Hell Sentinel

Skill      XL: |  1  2  3  4  5  6  7  8  9 10 11 12 |
---------------+-------------------------------------+-----
Fighting       | 4 5 7 9 10 11 12 13 14 15 17 | 17.9
Axes           | 4 6 7 9 10 12 13 15 17 20 23 24 | 24.2
Armour         | 3 5 7 8 10 12 13 15 16 | 16.1
Dodging        | 3 4 5 6 7 8 9 |  9.5
Stealth        | 1 2 3 4 |  4.2

Action                   |  1- 3 |  4- 6 |  7- 9 | 10-12 || total
-------------------------+-------+-------+-------+-------++-------
Melee: Hand axe          |    18 |    35 |    18 |       ||    71
       Headbutt          |     1 |     2 |     9 |    22 ||    34
       War axe           |       |       |     7 |       ||     7
       Executioner's axe |       |       |    36 |    93 ||   129
Invok: Berserk           |     1 |     2 |       |     1 ||     4
       Brothers in Arms  |       |       |     4 |     7 ||    11
 Stab: Distracted        |       |       |       |     1 ||     1
  Eat: Chunk             |       |     1 |     5 |     7 ||    13
Armor: Animal skin       |     3 |       |       |       ||     3
       Plate armour      |       |    34 |    55 |    86 ||   175
Dodge: Dodged            |    19 |    25 |    43 |    71 ||   158
